Map: Templo óseo EE

Players

BaBaBooey

  • Race: Protoss Protoss
  • Spawn Location: 7:00

highpanda

  • Race: Terran Terran
  • Spawn Location: 7:00

HotPockets

  • Race: Terran Terran
  • Spawn Location: 6:00

MrFercho

  • Race: Zerg Zerg
  • League: Silver
  • Spawn Location: 3:00

TATORREA

  • Race: Protoss Protoss
  • League: Silver
  • Spawn Location: 1:00

tigro

  • Race: Terran Terran
  • League: Bronze
  • Spawn Location: 12:00

VOD

Have the link to the VOD?

Description

Time

  • Played on: May 19, 2020, 9:50 p.m.
  • Length: 14:17
Show
View Real Time Build Order
Export as new Build Order

BaBaBooey Protoss 

Build Orders: Oracle Opening 

Get SALT Encoding   

  12  0:01  Probe  
  13  0:13  Probe  
  14  0:24  Pylon  
  14  0:26  Probe  
  15  0:42  Probe  
  16  0:45  Gateway  
  16  0:52  Assimilator  
  16  0:54  Probe  
  17  0:59  Assimilator  
  17  1:07  Probe  
  18  1:19  Probe  
  19  1:31  Probe  
  20  1:40  Cybernetics Core  
  20  1:49  Pylon  
  20  1:52  Probe  
  21  2:04  Probe  
  22  2:15  Warp Gate (Chrono Boost)  
  22  2:16  Probe  
  22  2:17  Stargate  
  25  2:23  Sentry  
  25  2:28  Pylon, Probe  
  26  2:34  Forge  
  26  2:40  Probe  
  27  2:53  Probe  
  27  2:54  Stalker  
  30  3:00  Oracle (Chrono Boost)  
  30  3:05  Probe  
  34  3:23  Pylon  
  34  3:26  Probe  
  35  3:32  Oracle  
  38  3:39  Nexus  
  38  3:48  Photon Cannon  
  38  3:50  Probe  
  39  4:02  Stalker, Probe  
  42  4:10  Photon Cannon  
  42  4:24  Pylon  
  42  4:26  Stalker  
  44  4:33  Probe  
  45  4:45  Probe  
  46  5:02  Probe x2  
  48  5:14  Probe x2  
  50  5:18  Stalker  
  52  5:26  Probe x2  
  52  5:27  Gateway, Robotics Facility  
  54  5:29  Gateway  
  54  5:31  Assimilator  
  54  5:38  Probe x2  
  54  5:41  Assimilator, Protoss Ground Weapons Level 1 (Chrono Boost)  
  56  5:56  Probe x2  
  58  6:08  Probe x2  
  60  6:20  Probe x2  
  62  6:32  Probe  
  63  6:37  Stalker  
  63  6:38  Stalker  
  67  6:42  Immortal (Chrono Boost)  
  70  6:53  Photon Cannon  
  70  7:06  Pylon  
  70  7:08  Pylon  
  69  7:31  Nexus  
  69  7:33  Pylon  
  69  7:35  Stalker x3  
  69  7:36  Probe x2  
  77  7:38  Immortal  
  77  7:41  Robotics Bay  
  81  7:48  Probe  
  81  7:49  Assimilator, Probe  
  83  7:53  Photon Cannon, Assimilator  
  83  7:55  Photon Cannon  
  83  7:56  Pylon  
  83  7:57  Photon Cannon  
  83  8:01  Probe x2  
  85  8:05  Protoss Ground Armor Level 1 (Chrono Boost), Twilight Council  
  85  8:06  Gateway  
  85  8:08  Gateway  
  85  8:12  Forge  
  85  8:13  Immortal  
  85  8:15  Probe x2  
  85  8:16  Pylon  
  87  8:20  Pylon  
  88  8:38  Stalker x2  
  88  8:39  Stalker  
  88  8:40  Probe x2  
  93  8:45  Photon Cannon  
  93  8:48  Protoss Ground Weapons Level 2 (Chrono Boost)  
  93  8:49  Photon Cannon  
  93  8:52  Probe x2  
  95  8:56  Blink (Chrono Boost)  
  95  9:04  Sentry, Stalker  
  99  9:10  Stalker  
  99  9:12  Stalker  
  102  9:39  Photon Cannon  
  102  9:42  Photon Cannon  
  102  9:45  Probe x2  
  104  9:47  Colossus  
  104  9:48  Stalker x5  
  114  9:53  Protoss Ground Armor Level 2  
  114  9:57  Probe  
  121  10:18  Probe x2  
  123  10:30  Probe  
  123  10:32  Pylon x2  
  124  10:52  Photon Cannon  
  124  10:54  Photon Cannon, Probe x2  
  124  10:57  Sentry, Photon Cannon  
  126  10:58  Sentry x2, Photon Cannon  
  126  10:59  Stalker x2  
  136  11:06  Probe  
  137  11:27  Stalker x2  
  141  11:35  Pylon  
  141  11:38  Pylon  
  139  11:40  Pylon  
  139  11:49  Stalker  
  139  11:52  Colossus  
  145  12:18  Stalker x4  
  145  12:19  Stalker  
  153  12:23  Probe x2  
  155  12:30  Gateway  
  155  12:31  Gateway  
  155  12:33  Gateway x2  
  155  12:35  Probe x2  
  157  12:37  Pylon  
  157  12:38  Pylon  
  157  12:43  Pylon  
  157  12:45  Pylon  
  157  12:46  Colossus  
  161  13:00  Stalker x2  
  161  13:01  Stalker x3  
  169  13:24  Nexus  
  169  13:27  Pylon  
  169  13:28  Zealot x2  
  169  13:32  Pylon  
  173  13:36  Pylon  
Show
View Real Time Build Order
Export as new Build Order

highpanda Terran 

Build Orders:  

Get SALT Encoding   

  12  0:06  SCV  
  13  0:26  Supply Depot  
  13  0:29  Refinery  
  14  0:35  SCV  
  14  0:48  Supply Depot  
  14  0:58  Barracks  
  14  1:12  Supply Depot  
  14  1:13  SCV  
  15  1:41  SCV, Refinery  
  16  1:48  Engineering Bay  
  16  1:52  Marine  
  16  1:53  Barracks  
  17  2:10  Marine, SCV  
  19  2:21  Terran Infantry Armor Level 1  
  19  2:35  Marine  
  20  2:39  SCV  
  20  2:44  Barracks Tech Lab  
  21  2:53  Marine  
  22  2:59  Factory  
  22  3:11  Marine  
  23  3:18  Stimpack  
  23  3:21  SCV  
  24  3:28  Marine  
  24  3:30  Marine  
  26  3:46  Marine  
  26  3:48  Marine  
  28  3:49  Command Center, SCV  
  29  4:08  Missile Turret  
  29  4:12  Marine  
  29  4:14  Marine  
  31  4:27  Missile Turret  
  31  4:31  SCV  
  32  4:39  Marine x2  
  34  4:56  Missile Turret  
  34  4:57  Marine  
  34  4:58  Combat Shield  
  35  5:02  Marine  
  36  5:07  Factory Tech Lab  
  36  5:14  Marine  
  37  5:21  Supply Depot  
  37  5:27  Orbital Command  
  37  5:31  SCV  
  38  5:43  Supply Depot  
  38  5:59  Marine x2  
  38  6:02  SCV  
  41  6:09  Supply Depot  
  41  6:14  SCV  
  41  6:17  Marine x2  
  44  6:22  SCV  
  45  6:26  SCV  
  46  6:34  Marine  
  46  6:35  Marine  
  46  6:38  SCV  
  49  6:45  Starport  
  49  6:50  Starport, SCV  
  49  6:51  SCV  
  49  6:52  Marine  
  49  6:53  Marine  
  53  7:01  Siege Tank  
  56  7:10  Marine  
  56  7:11  Marine  
  58  7:23  Medivac  
  58  7:28  Marine  
  58  7:29  Medivac, Marine  
  64  7:33  Siege Tank  
  64  7:36  Starport  
  67  7:41  Fusion Core  
  67  7:46  Marine, SCV  
  67  7:49  Refinery  
  69  7:51  Refinery  
  69  8:00  Marine  
  69  8:04  Marine  
  71  8:18  Marine  
  72  8:21  Barracks  
  72  8:34  Barracks Reactor  
  72  8:36  Marine  
  72  8:38  Siege Tank  
  76  8:49  Medivac  
  78  9:09  Medivac x2  
  82  9:17  Supply Depot  
  82  9:25  Supply Depot  
  82  9:30  Medivac  
  84  9:39  Medivac, Supply Depot  
  86  9:48  SCV  
  87  10:00  Starport Tech Lab  
  87  10:02  Starport Tech Lab  
  87  10:04  Missile Turret  
  87  10:09  Medivac, Weapon Refit  
  89  10:14  Terran Infantry Weapons Level 1  
  89  10:40  Marine  
  89  10:41  Marine x2  
  92  10:43  Barracks Reactor  
  92  10:58  Marine  
  92  10:59  Marine x2  
  95  11:16  Marine x2  
  95  11:17  Marine  
  98  11:34  Marine x2  
  98  11:35  Marine  
  93  11:48  Marine  
  93  11:49  Marine  
  93  11:52  Marine x2  
  93  11:53  Marine  
  98  11:55  Battlecruiser x2  
  107  12:06  Marine x2  
  109  12:09  Marine  
  109  12:10  Marine x2  
  112  12:24  Marine x2  
  112  12:27  Marine  
  112  12:28  Marine x2  
  117  12:42  Marine  
  118  12:56  Marine  
  118  12:59  Marine  
  118  13:03  Marine x2  
  118  13:05  Marine  
  117  13:14  Marine  
  118  13:32  Marine  
  118  13:34  Marine  
  118  13:35  Marine  
  118  13:36  Supply Depot, Marine  
  118  13:39  Marine  
  116  13:41  Supply Depot  
  116  13:43  Supply Depot  
  115  13:57  Marine  
Show
View Real Time Build Order
Export as new Build Order

HotPockets Terran 

Build Orders:  

Get SALT Encoding   

  12  0:01  SCV  
  13  0:13  SCV  
  14  0:22  Supply Depot  
  14  0:25  SCV  
  15  0:44  SCV  
  15  0:45  Barracks  
  16  0:50  Refinery  
  16  0:56  SCV  
  17  1:08  SCV  
  18  1:20  SCV  
  19  1:32  SCV  
  20  1:33  Refinery  
  20  1:37  Supply Depot  
  20  1:40  Barracks Reactor  
  20  1:44  SCV  
  21  1:57  Orbital Command  
  21  2:14  Engineering Bay  
  21  2:27  Factory  
  21  2:28  SCV  
  22  2:37  Marine x2  
  22  2:40  SCV  
  25  2:52  Command Center  
  25  2:58  SCV  
  26  3:00  Supply Depot  
  26  3:07  Marine x2  
  29  3:12  SCV  
  29  3:16  Factory Tech Lab  
  29  3:21  Refinery  
  29  3:29  Armory  
  29  3:32  Supply Depot  
  29  3:34  Neosteel Armor  
  29  3:38  Widow Mine  
  31  3:46  SCV  
  32  3:58  SCV  
  32  4:00  Widow Mine  
  34  4:06  Refinery  
  31  4:10  SCV  
  27  4:33  SCV  
  27  4:35  SCV  
  28  4:45  SCV  
  28  4:47  SCV  
  30  4:58  SCV  
  31  5:06  Siege Tank  
  34  5:10  Marine x2, SCV  
  37  5:21  SCV  
  38  5:22  SCV  
  38  5:27  Marine  
  38  5:28  Marine  
  41  5:33  SCV  
  42  5:38  Siege Tank  
  45  5:45  SCV  
  46  6:01  Drilling Claws  
  46  6:07  SCV  
  46  6:10  Orbital Command  
  47  6:18  Siege Tank  
  47  6:19  SCV  
  47  6:24  Supply Depot  
  51  6:31  SCV  
  52  6:43  SCV  
  53  6:50  Siege Tank  
  53  6:51  Missile Turret  
  56  6:54  Hi-Sec Auto Tracking  
  56  6:57  Terran Vehicle Weapons Level 1  
  56  6:58  SCV  
  57  7:10  SCV  
  58  7:20  Smart Servos  
  58  7:22  SCV  
  59  7:23  Widow Mine  
  61  7:34  SCV  
  61  7:36  Factory  
  62  7:40  Missile Turret  
  62  7:44  Widow Mine  
  62  7:46  SCV  
  65  7:58  SCV  
  66  8:11  SCV  
  67  8:24  Missile Turret  
  67  8:50  Missile Turret  
  67  8:51  Factory Tech Lab  
  67  8:56  Starport  
  67  8:59  Terran Vehicle And Ship Armor Level 1  
  67  9:03  Widow Mine  
  69  9:18  Siege Tank  
  69  9:19  Supply Depot  
  72  9:24  Siege Tank  
  75  9:50  Siege Tank  
  78  9:56  Siege Tank  
  81  10:22  Siege Tank  
  84  10:51  Supply Depot  
  84  10:53  Supply Depot  
  84  10:55  Terran Ship Weapons Level 1  
  84  11:02  Siege Tank x2  
  90  11:16  Supply Depot  
  90  11:34  Siege Tank  
  81  13:07  Siege Tank x2  
  87  13:39  Siege Tank x2  
Show
View Real Time Build Order
Export as new Build Order

MrFercho Zerg 

Build Orders: Pool First 

Get SALT Encoding   

  12  0:02  Drone  
  13  0:17  Overlord  
  13  0:19  Drone  
  14  0:32  Extractor  
  14  0:34  Drone  
  14  0:35  Extractor, Drone  
  14  0:39  Drone  
  15  0:54  Drone  
  16  1:14  Drone  
  16  1:15  Drone  
  18  1:24  Spawning Pool, Drone  
  18  1:45  Drone x2  
  20  1:59  Hatchery  
  19  2:18  Spine Crawler  
  19  2:20  Drone x3  
  21  2:22  Lair  
  21  2:40  Metabolic Boost  
  21  2:58  Zergling x2  
  22  3:00  Overlord x2  
  22  3:24  Overseer x2  
  22  4:15  Zergling x2  
  22  4:16  Zergling x10  
  28  5:04  Spire  
  27  5:24  Spore Crawler  
  27  5:26  Spore Crawler  
  18  5:57  Zergling x2  
  18  5:58  Zergling x10  
  18  6:03  Queen  
  26  6:37  Drone  
  26  6:38  Drone x5, Spore Crawler  
  31  7:25  Overlord  
  31  7:26  Overlord  
  31  7:30  Hatchery, Mutalisk  
  31  7:31  Mutalisk x5  
  31  7:36  Overlord  
  42  8:00  Pneumatized Carapace  
  42  8:04  Mutalisk x5  
  52  8:52  Infestation Pit  
  47  10:00  Hatchery  
  47  10:01  Hatchery  
  47  10:02  Drone x3  
  47  10:04  Hatchery  
  23  11:43  Roach Warren  
  19  12:07  Mutalisk x6  
  19  12:08  Mutalisk x6  
  43  12:29  Roach  
  49  12:30  Roach x2  
  49  12:41  Spine Crawler  
  45  12:47  Spine Crawler  
  32  13:11  Roach x4  
  32  13:12  Roach x14  
Show
View Real Time Build Order
Export as new Build Order

TATORREA Protoss 

Build Orders:  

Get SALT Encoding   

  12  0:02  Probe  
  13  0:23  Probe  
  14  0:29  Assimilator  
  14  0:32  Pylon  
  14  0:35  Probe  
  15  0:50  Probe  
  16  1:03  Probe  
  17  1:10  Gateway  
  17  1:20  Gateway  
  17  1:24  Probe  
  18  1:36  Probe  
  19  1:47  Pylon  
  19  1:57  Probe  
  20  2:11  Zealot x2  
  24  2:20  Probe  
  24  2:22  Cybernetics Core  
  25  2:24  Assimilator  
  25  2:32  Probe  
  25  2:37  Forge  
  26  2:47  Probe  
  27  2:59  Stalker x2  
  27  3:03  Warp Gate  
  31  3:12  Stargate  
  31  3:15  Pylon  
  31  3:20  Twilight Council  
  31  3:31  Nexus  
  31  3:39  Protoss Ground Weapons Level 1  
  31  3:47  Stalker  
  33  3:53  Stalker  
  35  4:06  Probe  
  36  4:18  Probe  
  39  4:38  Oracle  
  22  5:19  Probe  
  23  5:31  Probe  
  24  5:39  Probe  
  25  5:43  Probe  
  26  5:51  Probe  
  26  5:55  Probe  
  28  6:03  Probe  
  29  6:07  Probe  
  29  6:15  Probe  
  28  6:20  Probe  
  29  6:28  Probe  
  29  6:32  Probe  
  31  6:40  Probe  
  31  6:44  Probe  
  31  6:47  Pylon  
  30  6:56  Probe  
  30  6:57  Probe  
  32  7:02  Stalker x2  
  32  7:08  Probe  
  37  7:09  Probe  
  38  7:20  Probe  
  38  7:21  Probe  
  40  7:32  Probe  
  40  7:33  Probe  
  42  7:41  Protoss Ground Weapons Level 2  
  42  7:44  Probe  
  42  7:45  Probe  
  44  7:55  Stalker  
  44  7:56  Probe  
  44  7:57  Probe  
  44  7:58  Stalker  
  50  8:08  Probe  
  50  8:09  Probe  
  52  8:20  Probe  
  52  8:22  Probe  
  52  8:23  Photon Cannon  
  52  8:26  Photon Cannon  
  54  8:29  Photon Cannon  
  54  8:41  Pylon  
  54  8:44  Pylon  
  54  8:45  Probe  
  55  8:48  Pylon  
  55  8:51  Assimilator  
  55  8:55  Assimilator  
  55  8:57  Probe  
  55  8:58  Charge  
  55  9:00  Void Ray  
  60  9:06  Stalker  
  63  9:10  Probe  
  63  9:12  Stalker  
  65  9:22  Probe  
  66  9:34  Probe  
  67  9:43  Void Ray  
  71  9:46  Probe  
  71  9:48  Robotics Facility  
  71  9:51  Gateway  
  72  9:53  Gateway  
  72  9:56  Gateway  
  72  9:58  Probe  
  73  10:01  Gateway  
  73  10:04  Photon Cannon  
  73  10:07  Photon Cannon  
  73  10:10  Probe  
  73  10:12  Photon Cannon  
  74  10:32  Nexus  
  74  10:37  Probe  
  74  10:40  Probe  
  76  10:59  Stalker x2  
  80  11:04  Void Ray  
  48  11:53  Stalker x3  
  48  11:54  Stalker x2  
  56  11:55  Stalker  
  56  11:59  Void Ray  
  56  12:03  Immortal  
Show
View Real Time Build Order
Export as new Build Order

tigro Terran 

Build Orders:  

Get SALT Encoding   

  12  0:03  SCV  
  13  0:15  SCV  
  14  0:23  Supply Depot  
  14  0:26  Refinery  
  14  0:30  SCV  
  15  0:44  SCV  
  16  0:59  Barracks  
  16  1:01  SCV  
  17  1:13  SCV  
  17  1:15  Refinery  
  18  1:26  SCV  
  19  1:38  SCV  
  20  1:50  Supply Depot  
  20  1:52  Reaper  
  21  2:03  Barracks  
  21  2:05  SCV  
  22  2:17  SCV  
  22  2:22  Engineering Bay  
  23  2:24  Reaper  
  23  2:29  SCV  
  25  2:41  SCV  
  26  2:54  Barracks Tech Lab, Factory  
  26  2:56  Reaper  
  26  2:58  Orbital Command  
  27  3:07  Missile Turret  
  27  3:28  Marine  
  27  3:30  Missile Turret  
  28  3:46  Marine  
  26  4:54  Factory Tech Lab  
  26  4:58  Combat Shield  
  26  5:09  Terran Infantry Weapons Level 1  
  26  5:13  Barracks Tech Lab  
  26  5:15  Marine  
  27  5:33  Marine  
  27  5:35  Missile Turret  
  28  5:43  Stimpack  
  28  5:51  Marine  
  29  6:07  Marauder  
  29  6:09  Armory, Marine  
  32  6:16  Concussive Shells  
  32  6:19  Command Center  
  32  6:26  Marine  
  32  6:28  Marauder  
  35  6:44  Marine  
  35  6:45  Siege Tank  
  39  6:49  Marauder  
  41  7:02  Starport, Marine  
  41  7:03  Terran Infantry Armor Level 1  
  42  7:11  Marauder  
  44  7:17  Siege Tank  
  47  7:31  Marine  
  47  7:32  Marauder  
  47  7:34  Refinery  
  50  7:43  Supply Depot  
  50  7:49  Siege Tank  
  53  7:54  SCV  
  54  8:00  Medivac  
  56  8:06  SCV  
  56  8:08  Supply Depot  
  57  8:18  SCV  
  58  8:30  SCV  
  59  8:42  SCV  
  60  8:51  Refinery  
  60  8:54  SCV  
  60  8:55  Medivac  
  63  8:57  Neosteel Armor  
  63  9:07  SCV  
  63  9:08  Starport  
  64  9:19  SCV  
  65  9:25  Starport Tech Lab  
  65  9:31  SCV  
  66  9:43  Marine, SCV  
  68  9:46  Marine, Fusion Core  
  69  9:54  Siege Tank  
  69  9:55  SCV  
  73  10:01  Marine  
  73  10:04  Marine  
  75  10:10  Terran Vehicle Weapons Level 1  
  75  10:19  Marine  
  75  10:20  Planetary Fortress  
  76  10:22  Marine  
  76  10:25  Starport Tech Lab  
  76  10:26  Siege Tank  
  76  10:27  Corvid Reactor  
  80  10:36  Marine  
  80  10:37  Hi-Sec Auto Tracking  
  80  10:39  Marine  
  82  10:54  Marine  
  83  10:57  Marine  
  84  11:09  Siege Tank  
  59  11:24  Marauder  
  58  11:27  Marauder  
  54  11:45  Marauder  
  54  11:48  Marauder  
  54  11:52  Battlecruiser  
  62  11:56  Weapon Refit  
  59  12:04  Terran Vehicle And Ship Armor Level 1  
  59  12:07  Marauder  
  61  12:10  Marauder  
  52  12:28  Marauder  
  54  12:31  Marauder  
  51  12:49  Marauder  
  51  12:50  Thor  
  59  12:53  Marauder  
  59  12:56  Battlecruiser  
  67  13:05  Medivac  
  67  13:11  Marauder  
  67  13:14  Marauder  
  63  13:32  Marauder  
  65  13:35  Marauder  
  71  13:54  Marauder  
Tags
 
Add a new tag
Caveats
  • Supply blocks, unpowered buildings, or Contaminate may cause inaccurate times.
  • Supply counts are checked every 10 seconds.